 Dungeon Sprint DCSS version 0.21-a0-286-g6fcecc0 (webtiles) character file.

25 potatolord6000 the Ducker (level 3, -5/28 HPs)
             Began as a Merfolk Transmuter on Sept 26, 2017.
             Was a Follower of Sif Muna.
             Slain by a sky beast (6 damage)
             ... in the Dungeon (Sprint VII: "The Pits").
             The game lasted 00:02:25 (250 turns).

potatolord6000 the Ducker (Merfolk Transmuter)       Turns: 250, Time: 00:02:25

Health: -5/28      AC:  2    Str: 11    XL:     3   Next: 4%
Magic:  2/7        EV: 14    Int: 12    God:    Sif Muna [*.....]
Gold:   0          SH:  0    Dex: 14    Spells: 4/7 levels left

rFire    . . .     SeeInvis .   p - staff of energy
rCold    . . .     Gourm    .   (no shield)
rNeg     . . .     Faith    .   b - +0 robe
rPois    .         Spirit   .   (no helmet)
rElec    .         Reflect  .   (no cloak)
rCorr    .         Harm     .   (no gloves)
MR       .....     NoTele   +   (no boots)
Stlth    +.........             (no amulet)
HPRegen  0.09/turn              (no ring)
MPRegen  0.10/turn              (no ring)

@: very slightly contaminated
A: change form in water, swift swim, stealthy swim
a: Divine Energy, Renounce Religion


You were in the Dungeon.
You worshipped Sif Muna.
Sif Muna was aware of your devotion.
You were not hungry.

You visited 1 branch

Inventory:

Missiles
 a - 7 arrows
Armour
 b - a +0 robe (worn)
Magical Staves
 p - an uncursed staff of energy (weapon)
Scrolls
 j - a scroll of blinking
 k - 3 scrolls of remove curse
 l - 5 scrolls of amnesia
 m - a scroll of summoning
Potions
 e - a potion of invisibility
 h - 3 potions of magic
 i - 3 potions of berserk rage
Books
 c - a book of Changes

   Spells                             Type                      Level
   a - Beastly Appendage              Transmutation                1
   b - Sticks to Snakes               Transmutation                2
   c - Spider Form                    Transmutation/Poison         3
   d - Ice Form                       Ice/Transmutation            4
   e - Blade Hands                    Transmutation                5
Comestibles
 d - 8 bread rations
 n - 40 fruits
 o - 7 meat rations


   Skills:
 + Level 2.9 Fighting
 + Level 4.5 Dodging
 - Level 3.8 Unarmed Combat
 + Level 2.9 Spellcasting
 + Level 4.0 Transmutations
 + Level 1.3 Evocations


You had 4 spell levels left.
You knew the following spells:

 Your Spells              Type           Power        Failure   Level  Hunger
a - Beastly Appendage     Tmut           ##....       4%          1    None
b - Sticks to Snakes      Tmut           ##......     7%          2    None


Dungeon Overview and Level Annotations

Branches:
Dungeon (1/1)

Altars:
Ashenzari
Cheibriados
Dithmenos
Elyvilon
Fedhas
Gozag
Hepliaklqana
Kikubaaqudgha
Makhleb
Nemelex Xobeh
Okawaru
Qazlal
Ru
Sif Muna
Trog
Uskayaw
Vehumet
Wu Jian
Xom
Yredelemnul
Zin
The Shining One
Beogh
Jiyva
Lugonu


Message History

You hit something but do no damage. Something hits you. Something shocks you.
Unknown command.
You miss something.
A sky beast appears from thin air!
Reactivating autopickup.
The sky beast hits you. The sky beast shocks you.
* * * LOW HITPOINT WARNING * * *
The sky beast barely misses you.
Unknown command.
You hit the sky beast.
The sky beast is lightly wounded.
The sky beast flickers out of sight!
Deactivating autopickup; reactivate with Ctrl-A.
Something hits you but does no damage.
Unknown command.
You miss something. Something barely misses you.
Unknown command.
You hit something. Something hits you.
* * * LOW HITPOINT WARNING * * *
Something shocks you.
You die...

############
#_________.#
#_________.#
#_______...###########++
##########'##...........
#.?(.')))'.##......#..#.
##########.##...........
#......@....'...........
#+#####{#####......#..#.
#..#...'.##...........
#..#...#.#####'#####++
#..#####.##.......#
#..'...#S##.......#
#..'..††.##.......#
#..########...<...# #..
#.......#


There were no monsters in sight!

Vanquished Creatures
  A river rat (D)
  An ufetubus (D)
  A leopard gecko (D)
  A ball python (D)
  A bat (D)
  3 jackals (D)
8 creatures vanquished.

Vanquished Creatures (collateral kills)
  3 jackals (D)
3 creatures vanquished.

Grand Total: 11 creatures vanquished

Notes
Turn   | Place    | Note
-------+----------+-------------------------------------------
     0 | D        | potatolord6000 the Merfolk Transmuter began the quest for the Orb.
     0 | D        | Reached XP level 1. HP: 15/15 MP: 3/3
    24 | D        | Reached XP level 2. HP: 13/22 MP: 3/5
    56 | D        | Found a bloodstained altar of Trog.
    56 | D        | Found a deep blue altar of Sif Muna.
    56 | D        | Found a viscous altar of Jiyva.
    56 | D        | Found a hazy altar of Hepliaklqana.
    56 | D        | Found an opulent altar of Gozag.
    57 | D        | Found a glowing golden altar of the Shining One.
    57 | D        | Found a glowing silver altar of Zin.
    57 | D        | Found a basalt altar of Yredelemnul.
    57 | D        | Found a shimmering altar of Xom.
    57 | D        | Found an ornate altar of the Wu Jian Council.
    57 | D        | Found a sacrificial altar of Ru.
    57 | D        | Found a stormy altar of Qazlal.
    57 | D        | Found an iron altar of Okawaru.
    57 | D        | Found a sparkling altar of Nemelex Xobeh.
    57 | D        | Found a burning altar of Makhleb.
    57 | D        | Found a blossoming altar of Fedhas.
    57 | D        | Found a white marble altar of Elyvilon.
    57 | D        | Found a shadowy altar of Dithmenos.
    57 | D        | Found a snail-covered altar of Cheibriados.
    59 | D        | Found a radiant altar of Vehumet.
    59 | D        | Found a corrupted altar of Lugonu.
    59 | D        | Found a roughly hewn altar of Beogh.
    61 | D        | Found an ancient bone altar of Kikubaaqudgha.
    61 | D        | Found a hide-covered altar of Uskayaw.
    61 | D        | Found a shattered altar of Ashenzari.
    74 | D        | Became a worshipper of Sif Muna the Loreminder
   185 | D        | Reached skill level 1 in Evocations
   191 | D        | Learned a level 2 spell: Sticks to Snakes
   214 | D        | Reached * piety under Sif Muna
   220 | D        | Noticed a sky beast
   241 | D        | Reached XP level 3. HP: 26/28 MP: 1/7
   250 | D        | HP: 1/28 [something (2)]
   250 | D        | Slain by a sky beast

Vault maps used:
D:        pitsprint

Skill      XL: |  1  2 |
---------------+-------+-----
Fighting       | 2 |  2.9
Dodging        | 3 4 |  4.5
Transmutations | 3 4 |  4.0
Evocations     | 1 |  1.3
Unarmed Combat | |  3.8
Spellcasting   | |  2.9

Action                   || total
-------------------------++-------
Melee: Unarmed           ||     6
       Headbutt          ||     6
       Staff             ||    33
 Cast: Beastly Appendage ||     4
       Sticks to Snakes  ||     5
  Use: Potion            ||     5
 Stab: Invisible         ||     2
Armor: Robe              ||    11
Dodge: Dodged            ||    57

Table legend:
 A = Spawn XP
 B = Non-spawn XP
 C = Spawn XP percentage of total XP
 D = Spawn monster count
 E = Non-spawn monster count
 F = Spawn count percentage of total count
 G = Total turns spent on level
                    A         B        C        D         E        F      G
               +---------+---------+-------+---------+---------+-------+---------
         Total |       0 |      36 |   0.0 |       0 |      11 |   0.0 |   250
               +---------+---------+-------+---------+---------+-------+---------
             D |       0 |      36 |   0.0 |       0 |      11 |   0.0 |   250
               +---------+---------+-------+---------+---------+-------+---------
